2753 views
Uploaded 2019-12-06 22:46:19
Game version 1.32.0.3 / 1.32.0.3.1
13:25 long 3on3 ladder game on (6)GnollWood
Saved by BEARAND
2753 views
Uploaded 2019-12-06 22:46:19
Game version 1.32.0.3 / 1.32.0.3.1
13:25 long 3on3 ladder game on (6)GnollWood


53 units @ 4.9k
/ 0.1k
100 buildings @ 6.6k
/ 2.9k



| Potion of Healing | 2 | 300 |
| Scroll of Regeneration | 1 | 100 |
| Staff of Sanctuary | 1 | 250 |
| Orb of Fire | 1 | 325 |
| Boots of Speed | 1 | 250 |
| Staff of Teleportation | 1 | 150 |
| total: | 7 | 1375g |
| Peasant | 14 | 1050 | / | 0 |
| Priest | 1 | 135 | / | 10 |
| total: | 15 | 1185g | / | 10w |
| Scout Tower | 17 | 510 | / | 340 |
| Arcane Tower | 3 | 210 | / | 150 |
| Guard Tower | 11 | 770 | / | 550 |
| Altar of Kings | 1 | 180 | / | 50 |
| Farm | 4 | 320 | / | 80 |
| Lumber Mill | 1 | 120 | / | 0 |
| Arcane Vault | 1 | 130 | / | 30 |
| Town Hall | 1 | 385 | / | 205 |
| Arcane Sanctum | 1 | 150 | / | 140 |
| Keep | 1 | 320 | / | 210 |
| Castle | 1 | 360 | / | 210 |
| total: | 26 | 1795g | / | 845w |
| 0:01 | Peasant |
| 0:03 | Altar of Kings |
| 0:04 | Peasant |
| 0:11 | Farm |
| 0:11 | Peasant |
| 0:19 | Peasant |
| 0:34 | Lumber Mill |
| 0:49 | Peasant |
| 1:04 | Scout Tower |
| 1:09 | Peasant |
| 1:18 | Farm |
| 1:25 | Peasant |
| 1:36 | Arcane Tower |
| 1:36 | Scout Tower |
| 1:43 | Peasant |
| 1:44 | Summon Water Elemental |
| 1:50 | Peasant |
| 2:11 | Guard Tower |
| 2:12 | Scout Tower |
| 2:13 | Peasant |
| 2:21 | Peasant |
| 2:28 | Arcane Vault |
| 2:39 | Peasant |
| 2:41 | Scout Tower |
| 2:42 | Guard Tower |
| 2:55 | Peasant |
| 2:55 | Peasant |
| 2:57 | Improved Masonry |
| 3:29 | Scout Tower |
| 3:29 | Guard Tower |
| 3:34 | Brilliance Aura |
| 4:12 | Boots of Speed |
| 4:13 | Staff of Teleportation |
| 4:22 | Guard Tower |
| 4:23 | Scout Tower |
| 4:24 | Scout Tower |
| 5:06 | Keep |
| 5:08 | Guard Tower |
| 5:36 | Scout Tower |
| 5:36 | Scout Tower |
| 5:37 | Guard Tower |
| 5:54 | Farm |
| 6:32 | Guard Tower |
| 6:33 | Scout Tower |
| 6:34 | Scout Tower |
| 6:44 | Scout Tower |
| 6:46 | Potion of Healing |
| 7:02 | Guard Tower |
| 7:12 | Arcane Tower |
| 7:27 | Guard Tower |
| 7:32 | Arcane Sanctum |
| 7:36 | Advanced Masonry |
| 7:36 | Improved Lumber Harvesting |
| 7:42 | Scout Tower |
| 7:43 | Scout Tower |
| 7:44 | Scout Tower |
| 7:45 | Scout Tower |
| 8:28 | Castle |
| 8:31 | Arcane Tower |
| 8:53 | Magic Sentry |
| 9:00 | Storm Bolt |
| 9:56 | Scout Tower |
| 9:56 | Guard Tower |
| 10:51 | Summon Water Elemental |
| 11:11 | Imbued Masonry |
| 11:11 | Advanced Lumber Harvesting |
| 11:15 | Farm |
| 11:17 | Scroll of Regeneration |
| 11:19 | Potion of Healing |
| 11:19 | Staff of Sanctuary |
| 11:19 | Orb of Fire |
| 11:51 | Guard Tower |
| 13:04 | Town Hall |
| 13:05 | Holy Light |
| 13:21 | Priest Adept Training |
| 13:22 | Priest |
| Right click | 854 |
| Select group | 374 |
| Assign group | 361 |
| Select | 228 |
| Build/train/purchase | 96 |
| Chat | 75 |
| Misc. action | 15 |
| Use ability | 13 |
| Item give/drop | 1 |


| Scroll of Regeneration | 1 | 100 |
| Boots of Speed | 1 | 250 |
| Staff of Teleportation | 1 | 150 |
| total: | 3 | 500g |
| Peasant | 17 | 1275 | / | 0 |
| Priest | 1 | 135 | / | 10 |
| total: | 18 | 1410g | / | 10w |
| Scout Tower | 50 | 1500 | / | 1000 |
| Arcane Tower | 4 | 280 | / | 200 |
| Guard Tower | 23 | 1610 | / | 1150 |
| Altar of Kings | 1 | 180 | / | 50 |
| Farm | 6 | 480 | / | 120 |
| Lumber Mill | 1 | 120 | / | 0 |
| Arcane Vault | 2 | 260 | / | 60 |
| Blacksmith | 1 | 140 | / | 60 |
| Arcane Sanctum | 2 | 300 | / | 280 |
| Keep | 1 | 320 | / | 210 |
| Castle | 2 | 720 | / | 420 |
| total: | 63 | 2980g | / | 1570w |
| 0:02 | Peasant |
| 0:02 | Peasant |
| 0:11 | Altar of Kings |
| 0:24 | Farm |
| 0:28 | Peasant |
| 0:32 | Peasant |
| 0:35 | Lumber Mill |
| 0:36 | Peasant |
| 0:45 | Farm |
| 0:50 | Peasant |
| 1:02 | Scout Tower |
| 1:03 | Peasant |
| 1:06 | Peasant |
| 1:19 | Peasant |
| 1:29 | Scout Tower |
| 1:31 | Scout Tower |
| 1:39 | Arcane Tower |
| 1:49 | Scout Tower |
| 2:04 | Scout Tower |
| 2:05 | Peasant |
| 2:06 | Guard Tower |
| 2:12 | Peasant |
| 2:18 | Summon Water Elemental |
| 2:21 | Guard Tower |
| 2:23 | Peasant |
| 2:25 | Scout Tower |
| 2:30 | Scout Tower |
| 2:31 | Peasant |
| 2:38 | Guard Tower |
| 2:40 | Scout Tower |
| 2:49 | Scout Tower |
| 2:51 | Peasant |
| 2:55 | Guard Tower |
| 3:11 | Peasant |
| 3:13 | Guard Tower |
| 3:15 | Scout Tower |
| 3:15 | Scout Tower |
| 3:15 | Scout Tower |
| 3:16 | Scout Tower |
| 3:40 | Boots of Speed |
| 3:41 | Staff of Teleportation |
| 4:14 | Keep |
| 4:54 | Guard Tower |
| 4:56 | Arcane Vault |
| 5:37 | Farm |
| 5:37 | Farm |
| 5:43 | Scout Tower |
| 5:44 | Scout Tower |
| 5:44 | Scout Tower |
| 5:45 | Scout Tower |
| 5:45 | Scout Tower |
| 5:53 | Improved Masonry |
| 6:07 | Scout Tower |
| 6:08 | Scout Tower |
| 6:08 | Scout Tower |
| 6:09 | Scout Tower |
| 6:10 | Scout Tower |
| 6:11 | Scout Tower |
| 6:11 | Scout Tower |
| 6:12 | Scout Tower |
| 6:14 | Scroll of Regeneration |
| 6:53 | Guard Tower |
| 7:07 | Arcane Vault |
| 7:20 | Brilliance Aura |
| 7:32 | Guard Tower |
| 7:34 | Scout Tower |
| 7:35 | Scout Tower |
| 7:35 | Scout Tower |
| 7:40 | Scout Tower |
| 7:41 | Scout Tower |
| 7:41 | Scout Tower |
| 7:42 | Scout Tower |
| 7:42 | Scout Tower |
| 7:43 | Scout Tower |
| 8:05 | Guard Tower |
| 8:11 | Storm Bolt |
| 8:20 | Arcane Tower |
| 8:27 | Guard Tower |
| 8:32 | Arcane Sanctum |
| 8:33 | Advanced Masonry |
| 8:35 | Arcane Sanctum |
| 8:48 | Guard Tower |
| 8:54 | Peasant |
| 8:55 | Peasant |
| 8:57 | Guard Tower |
| 9:06 | Scout Tower |
| 9:07 | Scout Tower |
| 9:58 | Guard Tower |
| 9:59 | Scout Tower |
| 9:59 | Scout Tower |
| 9:59 | Guard Tower |
| 10:00 | Scout Tower |
| 10:01 | Scout Tower |
| 10:03 | Scout Tower |
| 10:04 | Scout Tower |
| 10:06 | Magic Sentry |
| 10:06 | Priest |
| 10:52 | Castle |
| 11:17 | Guard Tower |
| 11:19 | Guard Tower |
| 12:41 | Guard Tower |
| 12:43 | Scout Tower |
| 12:43 | Scout Tower |
| 12:44 | Scout Tower |
| 12:44 | Scout Tower |
| 12:45 | Scout Tower |
| 12:45 | Scout Tower |
| 12:46 | Scout Tower |
| 13:08 | Blacksmith |
| 13:10 | Farm |
| 13:11 | Farm |
| Right click | 984 |
| Select | 284 |
| Select group | 165 |
| Chat | 118 |
| Build/train/purchase | 104 |
| Assign group | 20 |
| Use ability | 10 |
| Misc. action | 5 |
| Minimap ping | 3 |
| Remove unit | 1 |


| Rod of Necromancy | 1 | 150 |
| Staff of Teleportation | 2 | 300 |
| Boots of Speed | 2 | 500 |
| Circlet of Nobility | 1 | 175 |
| total: | 6 | 1125g |
| Acolyte | 7 | 525 | / | 0 |
| Ghoul | 10 | 1200 | / | 0 |
| Obsidian Statue | 3 | 600 | / | 105 |
| total: | 20 | 2325g | / | 105w |
| Nerubian Tower | 1 | 100 | / | 20 |
| Spirit Tower | 3 | 435 | / | 120 |
| Altar of Darkness | 1 | 180 | / | 50 |
| Ziggurat | 4 | 600 | / | 200 |
| Crypt | 1 | 200 | / | 50 |
| Tomb of Relics | 2 | 260 | / | 60 |
| Graveyard | 1 | 215 | / | 0 |
| Necropolis | 1 | 225 | / | 0 |
| Slaughterhouse | 1 | 140 | / | 135 |
| Halls of the Dead | 2 | 640 | / | 420 |
| Black Citadel | 1 | 325 | / | 230 |
| total: | 11 | 1820g | / | 495w |
| 0:03 | Acolyte |
| 0:06 | Altar of Darkness |
| 0:09 | Ziggurat |
| 0:20 | Acolyte |
| 0:33 | Crypt |
| 0:53 | Tomb of Relics |
| 1:01 | Nerubian Tower |
| 1:37 | Ghoul |
| 1:37 | Ghoul |
| 2:01 | Ghoul |
| 2:03 | Ziggurat |
| 2:10 | Rod of Necromancy |
| 2:18 | Vampiric Aura |
| 2:21 | Ghoul |
| 2:41 | Ghoul |
| 2:52 | Graveyard |
| 3:21 | Ghoul |
| 3:34 | Sleep |
| 3:42 | Staff of Teleportation |
| 3:42 | Boots of Speed |
| 4:01 | Halls of the Dead |
| 4:06 | Ghoul |
| 4:39 | Spirit Tower |
| 4:40 | Ziggurat |
| 4:45 | Ghoul |
| 4:46 | Ghoul |
| 5:48 | Spirit Tower |
| 5:50 | Ziggurat |
| 6:02 | Ghoul |
| 6:23 | Sleep |
| 6:32 | Slaughterhouse |
| 7:12 | Black Citadel |
| 7:15 | Spirit Tower |
| 7:27 | Impale |
| 7:36 | Obsidian Statue |
| 7:36 | Obsidian Statue |
| 7:58 | Obsidian Statue |
| 11:16 | Acolyte |
| 11:19 | Necropolis |
| 11:22 | Staff of Teleportation |
| 11:22 | Boots of Speed |
| 11:31 | Circlet of Nobility |
| 11:57 | Acolyte |
| 11:57 | Acolyte |
| 11:57 | Acolyte |
| 11:59 | Acolyte |
| 12:50 | Tomb of Relics |
| Select group | 2002 |
| Right click | 1224 |
| Select | 169 |
| Build/train/purchase | 70 |
| Chat | 50 |
| Use ability | 36 |
| Misc. action | 32 |
| Assign group | 18 |
| Resource trade | 6 |
| Item give/drop | 3 |
| Esc | 1 |
51 units @ 6.3k
/ 0.5k
44 buildings @ 7k
/ 2.2k

| Rod of Necromancy | 1 | 150 |
| Lesser Clarity Potion | 1 | 70 |
| Sacrificial Skull | 1 | 50 |
| Healing Salve | 1 | 100 |
| total: | 4 | 370g |
| Acolyte | 15 | 1125 | / | 0 |
| Ghoul | 10 | 1200 | / | 0 |
| Crypt Fiend | 4 | 860 | / | 160 |
| Necromancer | 3 | 435 | / | 60 |
| total: | 32 | 3620g | / | 220w |
| Nerubian Tower | 2 | 200 | / | 40 |
| Spirit Tower | 14 | 2030 | / | 560 |
| Crypt | 2 | 400 | / | 100 |
| Ziggurat | 18 | 2700 | / | 900 |
| Altar of Darkness | 2 | 360 | / | 100 |
| Tomb of Relics | 2 | 260 | / | 60 |
| Graveyard | 2 | 430 | / | 0 |
| Slaughterhouse | 2 | 280 | / | 270 |
| Halls of the Dead | 1 | 320 | / | 210 |
| Black Citadel | 2 | 650 | / | 460 |
| total: | 28 | 4430g | / | 1430w |
| 0:05 | Acolyte |
| 0:06 | Acolyte |
| 0:10 | Crypt |
| 0:15 | Crypt |
| 0:19 | Ziggurat |
| 0:35 | Acolyte |
| 0:42 | Altar of Darkness |
| 0:51 | Altar of Darkness |
| 0:54 | Tomb of Relics |
| 0:57 | Tomb of Relics |
| 1:01 | Acolyte |
| 1:17 | Ghoul |
| 1:17 | Ghoul |
| 1:30 | Acolyte |
| 1:39 | Ziggurat |
| 2:07 | Ghoul |
| 2:07 | Ghoul |
| 2:24 | Ghoul |
| 2:27 | Nerubian Tower |
| 2:36 | Nerubian Tower |
| 2:49 | Rain of Fire |
| 2:50 | Ghoul |
| 2:54 | Graveyard |
| 2:59 | Graveyard |
| 3:04 | Ghoul |
| 3:26 | Acolyte |
| 3:26 | Acolyte |
| 3:28 | Ghoul |
| 3:41 | Ziggurat |
| 3:44 | Ziggurat |
| 4:17 | Ziggurat |
| 4:30 | Acolyte |
| 4:33 | Acolyte |
| 4:48 | Rod of Necromancy |
| 5:10 | Acolyte |
| 5:10 | Acolyte |
| 5:10 | Acolyte |
| 5:11 | Acolyte |
| 5:24 | Healing Salve |
| 5:25 | Lesser Clarity Potion |
| 5:59 | Crypt Fiend |
| 6:03 | Cleaving Attack |
| 6:13 | Spirit Tower |
| 6:14 | Acolyte |
| 6:15 | Acolyte |
| 6:30 | Ziggurat |
| 6:48 | Ziggurat |
| 6:49 | Ziggurat |
| 7:00 | Halls of the Dead |
| 7:38 | Crypt Fiend |
| 7:42 | Ziggurat |
| 7:43 | Ziggurat |
| 7:57 | Spirit Tower |
| 8:02 | Ziggurat |
| 8:27 | Creature Attack |
| 8:31 | Crypt Fiend |
| 8:31 | Crypt Fiend |
| 8:34 | Ghoul |
| 8:34 | Ghoul |
| 8:39 | Spirit Tower |
| 8:39 | Spirit Tower |
| 8:46 | Ziggurat |
| 9:14 | Sacrificial Skull |
| 9:21 | Ziggurat |
| 9:22 | Ziggurat |
| 9:51 | Spirit Tower |
| 10:15 | Ziggurat |
| 10:16 | Ziggurat |
| 10:18 | Ziggurat |
| 10:19 | Ziggurat |
| 10:48 | Slaughterhouse |
| 10:49 | Slaughterhouse |
| 10:52 | Unholy Strength |
| 10:54 | Black Citadel |
| 10:55 | Spirit Tower |
| 11:14 | Spirit Tower |
| 11:18 | Spirit Tower |
| 11:20 | Spirit Tower |
| 11:42 | Necromancer |
| 11:42 | Necromancer |
| 11:42 | Necromancer |
| Chat | 280 |
| Right click | 200 |
| Select | 160 |
| Build/train/purchase | 67 |
| Remove unit | 9 |
| Use ability | 8 |
| Misc. action | 1 |
| Item give/drop | 1 |
| Esc | 1 |

| Healing Salve | 1 | 100 |
| Potion of Healing | 3 | 450 |
| Potion of Mana | 1 | 200 |
| Periapt of Vitality | 1 | 325 |
| Circlet of Nobility | 1 | 175 |
| Boots of Speed | 1 | 250 |
| total: | 8 | 1500g |
| Peon | 6 | 450 | / | 0 |
| total: | 6 | 450g | / | 0w |
| Altar of Storms | 1 | 180 | / | 50 |
| Voodoo Lounge | 1 | 130 | / | 30 |
| Orc Burrow | 3 | 480 | / | 120 |
| War Mill | 1 | 205 | / | 0 |
| Stronghold | 1 | 315 | / | 190 |
| total: | 6 | 995g | / | 200w |
| 0:19 | Altar of Storms |
| 1:48 | Voodoo Lounge |
| 2:45 | Periapt of Vitality |
| 2:45 | Circlet of Nobility |
| 2:57 | Critical Strike |
| 3:06 | Stronghold |
| 3:50 | Boots of Speed |
| 4:12 | Healing Salve |
| 6:02 | Peon |
| 6:02 | Peon |
| 6:02 | Peon |
| 6:03 | Peon |
| 6:09 | Wind Walk |
| 6:58 | Potion of Healing |
| 7:01 | Potion of Mana |
| 7:14 | Orc Burrow |
| 7:23 | War Mill |
| 9:54 | Orc Burrow |
| 10:00 | Peon |
| 10:00 | Peon |
| 10:38 | Orc Burrow |
| 10:59 | Potion of Healing |
| 10:59 | Potion of Healing |
| Right click | 421 |
| Select | 94 |
| Build/train/purchase | 83 |
| Misc. action | 21 |
| Select group | 19 |
| Use ability | 9 |
| Chat | 7 |
| Assign group | 1 |
| Esc | 1 |


| Rod of Necromancy | 1 | 150 |
| Scroll of Town Portal | 1 | 350 |
| total: | 2 | 500g |
| Acolyte | 2 | 150 | / | 0 |
| Ghoul | 3 | 360 | / | 0 |
| Crypt Fiend | 5 | 1075 | / | 200 |
| Obsidian Statue | 3 | 600 | / | 105 |
| total: | 13 | 2185g | / | 305w |
| Spirit Tower | 1 | 145 | / | 40 |
| Altar of Darkness | 1 | 180 | / | 50 |
| Ziggurat | 4 | 600 | / | 200 |
| Graveyard | 1 | 215 | / | 0 |
| Crypt | 1 | 200 | / | 50 |
| Tomb of Relics | 1 | 130 | / | 30 |
| Temple of the Damned | 1 | 155 | / | 140 |
| Slaughterhouse | 1 | 140 | / | 135 |
| Halls of the Dead | 1 | 320 | / | 210 |
| Black Citadel | 1 | 325 | / | 230 |
| total: | 10 | 1620g | / | 605w |
| 0:07 | Acolyte |
| 0:07 | Acolyte |
| 0:15 | Altar of Darkness |
| 0:21 | Ziggurat |
| 0:39 | Graveyard |
| 0:59 | Crypt |
| 1:28 | Tomb of Relics |
| 1:33 | Ziggurat |
| 2:01 | Ghoul |
| 2:01 | Ghoul |
| 2:23 | Crypt Fiend |
| 2:24 | Ghoul |
| 2:35 | Rod of Necromancy |
| 2:48 | Death Coil |
| 3:03 | Crypt Fiend |
| 3:24 | Crypt Fiend |
| 4:16 | Halls of the Dead |
| 4:28 | Crypt Fiend |
| 5:38 | Ziggurat |
| 5:40 | Creature Attack |
| 6:19 | Unholy Aura |
| 6:34 | Crypt Fiend |
| 6:41 | Temple of the Damned |
| 6:46 | Slaughterhouse |
| 6:50 | Spirit Tower |
| 7:51 | Obsidian Statue |
| 7:55 | Banshee Adept Training |
| 7:58 | Black Citadel |
| 8:07 | Creature Carapace |
| 8:20 | Obsidian Statue |
| 8:29 | Ziggurat |
| 9:01 | Web |
| 9:53 | Obsidian Statue |
| 9:59 | Scroll of Town Portal |
| 10:30 | Frost Nova |
| Right click | 643 |
| Select | 155 |
| Build/train/purchase | 29 |
| Use ability | 7 |
| Misc. action | 5 |
| Chat | 5 |
| Select group | 4 |
| Assign group | 2 |
| Remove unit | 2 |
| Minimap ping | 2 |
⇛